 Dungeon Crawl Stone Soup version 0.30-b1-2-g02819fbbbe (webtiles) character file.

Game seed: 15742605582561069553

102 Arzdou the Chopper (level 4, 0/41 HPs)
             Began as a Gnoll Cinder Acolyte on May 23, 2023.
             Was a High Priest of Ignis.
             Slain by an orc priest
             ... wielding a +0 hand axe
              (4 damage)
             ... on level 3 of the Dungeon.
             The game lasted 00:01:45 (1866 turns).

Arzdou the Chopper (Gnoll Cinder Acolyte)           Turns: 1866, Time: 00:01:47

Health: 0/41       AC:  2    Str: 14    XL:     4   Next: 77%
Magic:  5/8        EV: 11    Int: 15    God:    Ignis [*****.]
Gold:   151        SH:  0    Dex:  7    Spells: 7/9 levels left

rFire   + . .        a - -1 hand axe (flame)
rCold   . . .        (no shield)
rNeg    . . .        b - +0 robe
rPois   .            (no helmet)
rElec   .            (no cloak)
rCorr   .            (no gloves)
SInv    .            (no boots)
Will    .....        e - amulet of the acrobat
Stlth   +            (no ring)
HPRegen 0.26/turn    (no ring)
MPRegen 0.11/turn

%: acrobat
@: no status effects
A: fangs 1, strong nose, distributed training
a: Renounce Religion, Fiery Armour, Foxfire Swarm, Rising Flame


You were on level 3 of the Dungeon.
You worshipped Ignis.
Ignis was extremely pleased with you.
You visited 1 branch of the dungeon, and saw 3 of its levels.

You collected 151 gold pieces.

Inventory:

Hand Weapons
 a - a -1 hand axe of flaming (weapon)
Missiles
 o - a throwing net
Armour
 b - a +0 robe (worn)
Jewellery
 e - an amulet of the acrobat (around neck)
 f - a ring of ice
 l - a ring of positive energy
Scrolls
 c - a scroll of magic mapping {unknown}
 d - a scroll of immolation {unknown}
 g - 2 scrolls of teleportation {unknown}
 h - 3 scrolls of identify {unknown}
 n - a scroll of amnesia {unknown}
 q - a scroll of poison {unknown}
Potions
 i - 3 potions of haste {unknown}
 j - a potion of curing {unknown}
 k - a potion of mutation {unknown}
 m - a potion of lignification {unknown}
 p - a potion of brilliance {unknown}


   Skills:
 + Level 6.6 Fighting
 + Level 1.3 Short Blades
 + Level 1.3 Long Blades
 + Level 6.6 Axes
 + Level 1.3 Maces & Flails
 + Level 1.3 Polearms
 + Level 1.3 Staves
 + Level 1.3 Ranged Weapons
 + Level 1.3 Throwing
 + Level 1.3 Armour
 + Level 1.3 Dodging
 + Level 1.3 Stealth
 + Level 1.3 Shields
 + Level 1.3 Unarmed Combat
 + Level 3.1 Spellcasting
 + Level 1.0 Conjurations
 + Level 1.0 Hexes
 + Level 1.0 Summonings
 + Level 1.0 Necromancy
 + Level 1.0 Translocations
 + Level 1.0 Transmutations
 + Level 5.5 Fire Magic
 + Level 1.0 Ice Magic
 + Level 1.0 Air Magic
 + Level 1.0 Earth Magic
 + Level 1.0 Poison Magic
 + Level 1.4 Invocations
 + Level 1.3 Evocations


You had 7 spell levels left.
You knew the following spells:

 Your Spells              Type           Power      Damage    Failure   Level
a - Scorch                Fire           36%        2d7       3%          2

Your spell library contained the following spells:

 Spells                   Type           Power      Damage    Failure   Level
 Sublimation of Blood     Necr           5%         N/A       19%         2
 Wereblood                Tmut           5%         N/A       19%         2
 Summon Hydra             Summ           2%         N/A       100%        7


Dungeon Overview and Level Annotations

Branches:
Dungeon (3/15)

Altars:


Innate Abilities, Weirdness & Mutations

You have very sharp teeth.
Your uncanny sense of smell can sniff out nearby items.
Your experience applies equally to all skills.


Message History

The orc hits you with a +0 flail!
The orc priest calls down the wrath of Beogh upon you.
Beogh smites you! The adder barely misses you.
The orc shouts!
You are too injured to fight recklessly!
You are too injured to fight recklessly!
Casting: Scorch (safe; 3% risk of failure)
Confirm with . or Enter, or press ? or * to list all spells.
Flames lash the orc.
You kill the orc!
A kobold comes into view.
It is wielding a +0 short sword and quivering poisoned darts.
The adder barely misses you.
Casting: Scorch (safe; 3% risk of failure)
Confirm with . or Enter, or press ? or * to list all spells.
Flames lash the orc.
You kill the orc!
The adder misses you. The orc barely misses you.
The orc priest looks encouraged for a moment.
The orc completely misses you.
Things that are here:
a +0 flail; an orc corpse The adder bites you.
You hit the adder. You burn the adder.
You kill the adder!
You hit the orc. You burn the orc.
The orc is moderately wounded.
The orc hits you with a +0 flail!
* * * LOW HITPOINT WARNING * * *
You closely miss the orc.
The orc is moderately wounded.
The orc closely misses you.
You barely miss the orc. Your bite misses the orc.
The orc is moderately wounded.
The orc hits you with a +0 flail!
* * * LOW HITPOINT WARNING * * *
You hit the orc. You burn the orc.
You kill the orc!
You closely miss the orc priest.
The orc priest hits you with a +0 hand axe.
You die...

#######.#####...
#.### #..# ∆#
#...###.. ##.
###..##.# .. .#
##..#.#∆ .#.#
##...###..#
##.....# .#
#...#.#∆ #)#∆
#[...@###...#
#..###oo.# #..#
#K#.#∆ ##..
#).^# ##. .....
........
#..###.## .K. >.
.... .#.


You could see an orc priest, an orc and a kobold.

Vanquished Creatures
  2 adders
  4 gnolls (D:3)
  3 dart slugs
  3 orcs (D:3)
  3 bats
  3 endoplasms
  3 goblins
  4 hobgoblins
  3 kobolds
  4 quokkas
  2 ball pythons
  2 frilled lizards
  2 rats (D:2)
38 creatures vanquished.

Notes
Turn   | Place    | Note
-------+----------+-------------------------------------------
     0 | D:1      | Arzdou the Gnoll Cinder Acolyte began the quest for the
                  | Orb.
     0 | D:1      | Reached XP level 1. HP: 23/23 MP: 4/4
   372 | D:1      | Reached XP level 2. HP: 16/29 MP: 5/5
   544 | D:1      | Learned a level 2 spell: Scorch
  1287 | D:2      | Reached XP level 3. HP: 32/35 MP: 7/7
  1299 | D:2      | Reached skill level 1 in Invocations
  1551 | D:3      | Reached skill level 1 in Short Blades
  1551 | D:3      | Reached skill level 1 in Long Blades
  1551 | D:3      | Reached skill level 1 in Maces & Flails
  1551 | D:3      | Reached skill level 1 in Polearms
  1551 | D:3      | Reached skill level 1 in Staves
  1551 | D:3      | Reached skill level 1 in Ranged Weapons
  1551 | D:3      | Reached skill level 1 in Throwing
  1551 | D:3      | Reached skill level 1 in Armour
  1551 | D:3      | Reached skill level 1 in Dodging
  1551 | D:3      | Reached skill level 1 in Stealth
  1551 | D:3      | Reached skill level 1 in Shields
  1551 | D:3      | Reached skill level 1 in Unarmed Combat
  1551 | D:3      | Reached skill level 1 in Evocations
  1569 | D:3      | Reached XP level 4. HP: 23/41 MP: 2/8
  1708 | D:3      | Reached skill level 1 in Conjurations
  1708 | D:3      | Reached skill level 1 in Hexes
  1708 | D:3      | Reached skill level 1 in Summonings
  1708 | D:3      | Reached skill level 1 in Necromancy
  1708 | D:3      | Reached skill level 1 in Translocations
  1708 | D:3      | Reached skill level 1 in Transmutations
  1708 | D:3      | Reached skill level 1 in Ice Magic
  1708 | D:3      | Reached skill level 1 in Air Magic
  1708 | D:3      | Reached skill level 1 in Earth Magic
  1708 | D:3      | Reached skill level 1 in Poison Magic
  1866 | D:3      | Slain by an orc priest

Illustrated notes

Levels and vault maps discovered:
D:1:      lemuel_arrival_cross, layout_basic
D:2:      layout_loops_cross
D:3:      layout_basic, fedhas_altar_fruit_tree, minmay_starry_boxes

Skill      XL: |  1  2  3  4 |
---------------+-------------+-----
Invocations    | 1 |  1.4
Short Blades   | 1 |  1.3
Long Blades    | 1 |  1.3
Maces & Flails | 1 |  1.3
Polearms       | 1 |  1.3
Staves         | 1 |  1.3
Ranged Weapons | 1 |  1.3
Throwing       | 1 |  1.3
Armour         | 1 |  1.3
Dodging        | 1 |  1.3
Stealth        | 1 |  1.3
Shields        | 1 |  1.3
Unarmed Combat | 1 |  1.3
Evocations     | 1 |  1.3
Spellcasting   | 3 |  3.1
Conjurations   | 1 |  1.0
Hexes          | 1 |  1.0
Summonings     | 1 |  1.0
Necromancy     | 1 |  1.0
Translocations | 1 |  1.0
Transmutations | 1 |  1.0
Ice Magic      | 1 |  1.0
Air Magic      | 1 |  1.0
Earth Magic    | 1 |  1.0
Poison Magic   | 1 |  1.0
Fighting       | |  6.6
Axes           | |  6.6
Fire Magic     | |  5.5

Action                     |  1- 3 |  4- 6 || total
---------------------------+-------+-------++-------
  Melee: Hand axe          |    64 |    29 ||    93
         Bite              |    10 |     2 ||    12
   Cast: Scorch            |     6 |     3 ||     9
   Stab: Sleeping          |     1 |       ||     1
 Armour: Robe              |     8 |     3 ||    11
  Dodge: Dodged            |    39 |    22 ||    61
